 Dungeon Crawl Stone Soup version 0.31-a0-208-gdb31a4691d (webtiles) character file.

Game seed: 5244353728512764758

10789 Anon1729 the Fighter (level 11, 0/101 HPs)
             Began as a Minotaur Monk on June 28, 2023.
             Was a Follower of Uskayaw.
             Hit by a large rock thrown by a cyclops (46 damage)
             ... on level 11 of the Dungeon.
             The game lasted 00:05:14 (8840 turns).

Anon1729 the Fighter (Minotaur Monk)                Turns: 8840, Time: 00:05:15

Health: 0/101      AC:  8    Str: 17    XL:     11   Next: 40%
Magic:  24/25      EV: 17    Int: 10    God:    Uskayaw [*.....]
Gold:   722        SH:  5    Dex: 16    Spells: 10/10 levels left

rFire   + + .        J - +5 long sword of Defence by Offence {venom, Int+3}
rCold   . . .        d - orb {light}
rNeg    . . .        w - +2 robe "Duhel" {Regen+}
rPois   .            (helmet restricted)
rElec   .            (no cloak)
rCorr   .            (no gloves)
SInv    .            R - +2 pair of boots
Will    .....        I - amulet "Horgheity" {Reflect MP+9 SH+5}
Stlth   +            h - ring of protection from fire
HPRegen 1.16/turn    D - ring of protection from fire
MPRegen 0.19/turn

%: reflection
@: glowing, studying Dodging
A: horns 2, retaliatory headbutt
a: Renounce Religion, Stomp


You were on level 11 of the Dungeon.
You worshipped Uskayaw.
Uskayaw was aware of your devotion.
You visited 2 branches of the dungeon, and saw 12 of its levels.

You collected 722 gold pieces.

Inventory:

Hand Weapons
 a - a +0 short sword
 q - a +2 dagger of draining
 x - the +5 woodcutter's axe
   (You took it off a gnoll on level 3 of the Dungeon)
 J - the +5 long sword of Defence by Offence (weapon) {venom, Int+3}
   (You found it on level 7 of the Dungeon)

   Int:       It affects your intelligence (+3).
Missiles
 t - 10 throwing nets
Armour
 b - a +0 robe
 d - an orb of light (worn)
 i - a +0 pair of boots
 w - the +2 robe "Duhel" (worn) {Regen+}
   (You found it on level 3 of the Dungeon)

   Regen:     It increases your rate of health regeneration.
 R - a +2 pair of boots (worn)
Jewellery
 h - a ring of protection from fire (left hand)
 D - a ring of protection from fire (right hand)
 G - an amulet of reflection
 H - a +5 ring of evasion
 I - the amulet "Horgheity" (around neck) {Reflect MP+9 SH+5}
   (You found it on level 7 of the Dungeon)

   [amulet of reflection]

   It reflects blocked missile attacks.
   MP:        It affects your magic capacity (+9).
   SH:        It affects your SH (+5).
 K - a +6 ring of intelligence
 L - an amulet of regeneration
 N - a +6 ring of dexterity
 P - a ring of flight
Wands
 n - a wand of iceblast (15)
 F - a wand of light (1)
 M - a wand of polymorph (19)
 Q - a wand of flame (5)
Scrolls
 g - 6 scrolls of blinking
 k - 4 scrolls of enchant weapon
 l - 2 scrolls of amnesia
 p - 6 scrolls of teleportation
 s - 2 scrolls of enchant armour
 v - 2 scrolls of revelation
 C - 2 scrolls of vulnerability
 S - a scroll of fog
Potions
 c - 2 potions of ambrosia
 e - 3 potions of haste
 j - a potion of curing
 m - a potion of berserk rage
 o - 2 potions of attraction {unknown}
 u - 3 potions of might
 z - 4 potions of heal wounds {unknown}
 A - 2 potions of mutation {unknown}
 B - 3 potions of enlightenment {unknown}
 E - a potion of resistance {unknown}
 O - a potion of brilliance {unknown}


   Skills:
 + Level 10.4 Fighting
 + Level 9.5 Short Blades
 + Level 9.7 Armour
 * Level 10.0 Dodging
 + Level 8.0 Invocations


You had 10 spell levels left.
You didn't know any spells.
Your spell library contained the following spells:

 Spells                   Type           Power      Damage    Failure   Level
 Beastly Appendage        Tmut           0%         N/A       36%         1
 Summon Small Mammal      Summ           0%         N/A       36%         1
 Cigotuvi's Dreadful Rot  Necr/Pois/Air  0%         N/A       50%         2
 Wereblood                Tmut           0%         N/A       50%         2
 Call Canine Familiar     Summ           0%         N/A       75%         3
 Gell's Gravitas          Tloc           0%         N/A       75%         3
 Ignite Poison            Fire/Tmut/Pois 0%         N/A       75%         3
 Spider Form              Tmut/Pois      0%         N/A       75%         3
 Summon Guardian Golem    Hex/Summ       0%         N/A       75%         3
 Teleport Other           Tloc           0%         N/A       75%         3
 Dispel Undead            Necr           0%         3d6       98%         4
 Freezing Cloud           Conj/Ice/Air   0%         6-21      100%        5
 Death Channel            Necr           0%         N/A       100%        6
 Dispersal                Tloc           0%         N/A       100%        6


Dungeon Overview and Level Annotations

Branches:
Dungeon (11/15)            Temple (1/1) D:5
   Lair: D:8-11         Orc: D:9-12

Altars:
Ashenzari
Cheibriados
Fedhas
Kikubaaqudgha
Makhleb
Qazlal
Ru
Sif Muna
Trog
Uskayaw
Xom
Zin
The Shining One

Shops:
D:2 (   D:10 (   D:11 :

Annotations:
D:5 3 runed translucent doors, NigelTetley's ghost, amateur OpTm


Innate Abilities, Weirdness & Mutations

You have a pair of horns on your head.
You reflexively headbutt those who attack you in melee.


Message History

The boulder beetle looks as sick as possible!
You headbutt the boulder beetle!
The boulder beetle is moderately wounded.
The boulder beetle bites you.
A cyclops comes into view.
The cyclops shouts!
You slash the boulder beetle!
The boulder beetle looks as sick as possible!
You headbutt the boulder beetle, but do no damage.
The boulder beetle is heavily wounded.
You hear an angry hiss.
The boulder beetle closely misses you. The boulder beetle bites you!!
You hit the boulder beetle but do no damage.
The boulder beetle is heavily wounded.
A komodo dragon comes into view.
The boulder beetle leaps!
The cyclops throws a large rock.
The large rock hits you!!
You are too injured to fight recklessly!
You are too injured to fight recklessly!
You are too injured to fight recklessly!
You are too injured to fight recklessly!
You are too injured to fight recklessly!
You are too injured to fight recklessly!
You are too injured to fight recklessly!
You are too injured to fight recklessly!
You are too injured to fight recklessly!
You are too injured to fight recklessly!
You are too injured to fight recklessly!
You are too injured to fight recklessly!
You are too injured to fight recklessly!
You are too injured to fight recklessly!
You are too injured to fight recklessly!
You are too injured to fight recklessly!
You are too injured to fight recklessly!
The boulder beetle curls into a ball and begins rolling!
You kill the boulder beetle!
Your Dodging skill increases to level 10!
Your Invocations skill increases to level 8!
The cyclops throws a large rock.
The large rock hits you!!!
You die...

.........#
.##.........#.
.........#
............
.........#
#........#
.........#
#....l.C.#
(........#
#........#
.........#
#........#
.........#
####.#####
......<### ###.#
.####### #.@.#
.....# ###'####
.....# #......#
...(.# #......#
.....# #......#
.....# #......#
.....########......#
.....#...(..+......+
.......######).....#


You could see a cyclops and a komodo dragon.

Vanquished Creatures
  Snorg (D:10)
  A boulder beetle (D:11)
  A two-headed ogre (D:10)
  Pikel (D:4)
  A deep elf pyromancer (D:8)
  Maurice (D:9)
  Psyche (D:10)
  An unseen horror (D:11)
  A troll (D:9)
  Prince Ribbit (D:5)
  Sigmund (D:5)
  A shadow (D:9)
  9 yaks
  A wraith (D:10)
  A wyvern (D:10)
  3 steam dragons
  3 vampire mosquitoes
  A water moccasin (D:4)
  4 orc warriors
  A black bear (D:6)
  3 sky beasts
  An ogre (D:6)
  5 centaurs
  A wolf (D:5)
  A lemure (D:4)
  A phantom (D:5)
  6 bullfrogs
  4 gnoll sergeants
  3 scorpions
  6 wights
  3 killer bees (D:8)
  A howler monkey (D:8)
  5 hounds
  2 jellies
  2 orc priests
  3 gnoll boudas
  10 sleepcaps
  4 orc wizards
  7 iguanas
  30 gnolls
  7 adders
  A shadow imp (D:8)
  2 white imps
  An ufetubus (D:7)
  3 dart slugs
  22 orcs
  5 ball pythons
  4 bats
  5 endoplasms
  2 giant cockroaches
  8 goblins
  8 hobgoblins
  13 jackals
  5 kobolds (D:1)
  A quokka (D:4)
  3 frilled lizards
  6 rats
229 creatures vanquished.

Vanquished Creatures (others)
  A kobold brigand (D:7)
1 creature vanquished.

Grand Total: 230 creatures vanquished

Notes
Turn   | Place    | Note
-------+----------+-------------------------------------------
     0 | D:1      | Anon1729 the Minotaur Monk began the quest for the Orb.
     0 | D:1      | Reached XP level 1. HP: 19/19 MP: 0/0
   134 | D:1      | Reached XP level 2. HP: 26/27 MP: 1/1
   294 | D:1      | Reached skill level 1 in Armour
   531 | D:1      | Reached skill level 1 in Invocations
   622 | D:2      | Reached XP level 3. HP: 28/33 MP: 2/2
   847 | D:2      | Found Wazeinubb's Weapon Shoppe.
  1560 | D:3      | Reached XP level 4. HP: 40/40 MP: 2/4
  1589 | D:3      | Found a shimmering altar of Xom.
  1987 | D:3      | Reached XP level 5. HP: 41/47 MP: 5/5
  2509 | D:3      | Found a burning altar of Makhleb.
  2509 | D:3      | Noticed an Executioner
  2540 | D:3      | Identified the +2 robe "Duhel" {Regen+}
  2615 | D:3      | Found a sacrificial altar of Ru.
  2938 | D:4      | Noticed a water moccasin
  2944 | D:4      | Killed a water moccasin
  2945 | D:4      | Reached skill level 5 in Fighting
  2945 | D:4      | Reached XP level 6. HP: 56/56 MP: 6/6
  3276 | D:4      | Found a blossoming altar of Fedhas.
  3678 | D:5      | Entered Level 5 of the Dungeon
  3678 | D:5      | Noticed Pikel
  3685 | D:5      | Noticed Sigmund
  3726 | D:4      | Killed Pikel
  3727 | D:4      | Reached skill level 5 in Short Blades
  3727 | D:4      | Reached skill level 5 in Dodging
  3727 | D:4      | Reached XP level 7. HP: 32/63 MP: 8/8
  3783 | D:4      | Reached XP level 8. HP: 42/68 MP: 9/9
  3852 | D:5      | Killed Sigmund
  3853 | D:5      | Reached skill level 5 in Armour
  3938 | D:5      | Noticed Prince Ribbit
  3953 | D:5      | Killed Prince Ribbit
  4027 | D:5      | Found a runed translucent gate.
  4027 | D:5      | Found a runed translucent gate.
  4027 | D:5      | Found a runed translucent gate.
  4027 | D:5      | Noticed NigelTetley's ghost (amateur OpTm)
  4206 | D:5      | Found a glowing silver altar of Zin.
  4470 | D:5      | Reached skill level 5 in Invocations
  4504 | D:5      | Found a staircase to the Ecumenical Temple.
  4544 | D:5      | Reached XP level 9. HP: 79/79 MP: 11/11
  5253 | D:7      | Identified the +5 long sword of Defence by Offence {venom,
                  | Int+3}
  5255 | D:7      | Identified the amulet "Horgheity" {Reflect MP+9 SH+5}
  6136 | D:8      | Found a stormy altar of Qazlal.
  6186 | D:8      | Reached XP level 10. HP: 70/90 MP: 13/13
  6734 | D:8      | Noticed a deep elf pyromancer
  6742 | D:8      | Killed a deep elf pyromancer
  7389 | Temple   | Entered the Ecumenical Temple
  7399 | Temple   | Became a worshipper of Uskayaw the Reveller
  7399 | Temple   | Reached * piety under Uskayaw
  7522 | D:10     | Entered Level 10 of the Dungeon
  7522 | D:10     | Noticed Snorg
  7524 | D:10     | Noticed a +0 bardiche
  7528 | D:10     | Reached ** piety under Uskayaw
  7530 | D:10     | Reached *** piety under Uskayaw
  7534 | D:10     | Killed Snorg
  7545 | D:10     | Found Zich's Weapon Shoppe.
  7547 | D:10     | Noticed a +0 great mace
  7554 | D:10     | Noticed a two-headed ogre
  7564 | D:10     | Killed a two-headed ogre
  7565 | D:10     | Reached **** piety under Uskayaw
  7567 | D:10     | Reached XP level 11. HP: 50/99 MP: 15/15
  7568 | D:10     | Reached ***** piety under Uskayaw
  7625 | D:10     | Reached skill level 10 in Fighting
  7692 | D:10     | Found a broken altar of Ashenzari.
  7721 | D:10     | Identified the +1 spear of Skirmishing {heavy, rC- Int+7}
  7752 | D:9      | Noticed Maurice
  7989 | D:9      | Killed Maurice
  8428 | D:10     | Noticed Psyche
  8443 | D:10     | Killed Psyche
  8713 | D:10     | Identified a scroll of acquirement
  8718 | D:10     | Acquired a manual of Dodging
  8778 | D:11     | Found Doom's Book Shop.
  8828 | D:11     | Noticed a boulder beetle
  8839 | D:11     | Killed a boulder beetle
  8840 | D:11     | Reached skill level 10 in Dodging
  8840 | D:11     | Hit by a large rock thrown by a cyclops

Illustrated notes

Levels and vault maps discovered:
D:1:      minmay_arrival_semitransparent, layout_rooms
D:2:      layout_basic, serial_shops, nicolae_shop_bloodbath_and_beyond
D:3:      layout_loops_ring, mainiacjoe_overflow_paths,
          makhleb_altar_promises_db, mainiacjoe_overflow_alcove_1,
          pf_guarded_unrand_woodcutter
D:4:      layout_loops_corners, fedhas_altar_1
D:5:      layout_cave_pools, zin_statuary, minmay_temple_entry_enclosed_plants,
          serial_gnoll_camp, gnoll_camp_medium_02, gnoll_camp_mini_house,
          gnoll_camp_mini_loothouse, gnoll_camp_mini_hut,
          ebering_ghost_rock_garden, uniq_prince_ribbit1, uniq_pikel,
          uniq_sigmund
D:6:      layout_rooms
D:7:      nzn_winding_woodlands_cross [nzn_winding_woodlands_5x15_pockets,
          nzn_winding_woodlands_5x15_default,
          nzn_winding_woodlands_5x15_sidewinder,
          nzn_winding_woodlands_5x15_zeroes,
          nzn_winding_woodlands_15x15_eel_pit], layout_basic, hellmonk_no_cap
D:8:      layout_basic, mainiacjoe_overflow_surrounded_room, minmay_between
D:9:      layout_small_grid, uniq_maurice
D:10:     layout_cave_pools, ashenzari_altar_1, serial_shops,
          nicolae_shop_mannequins, uniq_snorg, uniq_psyche
D:11:     layout_roguey, david_lair_shrubbed, serial_shops,
          nicolae_take_the_stairs, uniq_grum
Temple:   nicolae_temple_bog_church

Skill      XL: |  1  2  3  4  5  6  7  8  9 10 11 |
---------------+----------------------------------+-----
Armour         | 1 2 3 4 6 7 9 |  9.7
Invocations    | 1 2 3 5 6 7 8 |  8.0
Fighting       | 4 5 6 7 8 9 10 | 10.4
Short Blades   | 4 5 6 7 9 |  9.5
Dodging        | 4 5 6 7 9 10 | 10.0

Action                     |  1- 3 |  4- 6 |  7- 9 | 10-12 || total
---------------------------+-------+-------+-------+-------++-------
  Melee: Short sword       |    89 |       |       |       ||    89
         Headbutt          |    17 |    32 |    89 |    57 ||   195
         Dagger            |     4 |   135 |   227 |       ||   366
         Long sword        |       |       |    75 |   189 ||   264
 Invoke: Stomp             |       |       |       |     2 ||     2
    Use: Potion            |       |     1 |       |     3 ||     4
         Scroll            |       |       |       |    13 ||    13
   Stab: Paralysed         |       |       |       |    11 ||    11
 Armour: Robe              |    20 |    22 |    54 |    54 ||   150
  Dodge: Dodged            |    69 |    72 |   196 |   237 ||   574
  Block: Orb               |       |       |    16 |    71 ||    87
         Reflection        |       |       |     2 |     3 ||     5

Table legend: (Time is in decaauts)
 A = Elapsed time spent in this place.
 B = Non-inter-level travel time spent in this place.
 C = Inter-level travel time spent in this place.
 D = Time resting spent in this place.
 E = Time spent auto-exploring this place.
 F = Levels seen in this place.
 G = Mean time per level.
                   A        B        C        D        E       F      G
               +--------+--------+--------+--------+--------+-----+--------+
         Total |   8748 |   8062 |    686 |    556 |   6115 |  12 |  729.0 |
       Dungeon |   8728 |   8051 |    677 |    556 |   6115 |  11 |  793.5 |
        Temple |     19 |     11 |      8 |      0 |      0 |   1 |   19.0 |
               +--------+--------+--------+--------+--------+-----+--------+

Top non-repeatable levels by time:
     D:8: 1302 daAuts
     D:4: 1261 daAuts
     D:7: 1021 daAuts
     D:3: 999 daAuts
     D:2: 920 daAuts
     D:5: 762 daAuts
     D:9: 734 daAuts
     D:1: 588 daAuts
    D:10: 572 daAuts
     D:6: 457 daAuts
    D:11: 107 daAuts
  Temple: 19 daAuts
